 Dungeon Crawl Stone Soup version 0.30-a0-739-gea05faddec (webtiles) character file.

Game seed: 1155628775070305431

36 Leeroy the Grasshopper (level 3, -3/18 HPs)
             Began as a Vampire Warper on Feb 4, 2023.
             Slain by a worm (5 damage)
             ... on level 2 of the Dungeon.
             The game lasted 00:02:19 (1013 turns).

Leeroy the Grasshopper (Vampire Warper)             Turns: 1013, Time: 00:02:20

Health: -3/18      AC:  3    Str: 10    XL:     3   Next: 19%
Magic:  6/6        EV: 12    Int: 15    God:
Gold:   73         SH:  0    Dex: 15    Spells: 6/6 levels left

rFire   . . .      SeeInvis +    a - +0 falchion
rCold   . . .      Faith    .    (no shield)
rNeg    . . .      Spirit   .    b - +0 leather armour
rPois   .          Reflect  .    (no helmet)
rElec   .          Harm     .    (no cloak)
rCorr   .          Rampage  .    (no gloves)
Will    .....                    (no boots)
Stlth   +                        (no amulet)
HPRegen 0.43/turn                (no ring)
MPRegen 0.10/turn                (no ring)

@: healing quickly
A: alive, fangs 3, see invisible, vampiric 2, [frail 3]
a: Exsanguinate


You were on level 2 of the Dungeon.
You visited 1 branch of the dungeon, and saw 2 of its levels.

You collected 73 gold pieces.

Inventory:

Hand Weapons
 a - a +0 falchion (weapon)
Missiles
 d - 7 boomerangs of dispersal (quivered)
 l - 5 boomerangs
Armour
 b - a +0 leather armour (worn)
Jewellery
 f - a +6 ring of dexterity
Scrolls
 c - a scroll of blinking
 e - 5 scrolls of identify {unknown}
 g - 2 scrolls of teleportation {unknown}
 j - 3 scrolls of enchant armour {unknown}
 k - a scroll of silence {unknown}
Potions
 h - a potion of might {unknown}
 i - a potion of flight {unknown}
 m - a potion of curing {unknown}


   Skills:
 + Level 2.2 Fighting
 + Level 2.5 Long Blades
 + Level 0.7 Throwing
 + Level 0.9 Armour
 + Level 2.2 Dodging
 + Level 2.2 Spellcasting
 + Level 2.6 Translocations


You had 6 spell levels left.
You didn't know any spells.
Your spell library contained the following spells:

 Spells                   Type           Power      Damage    Failure   Level
 Blink                    Tloc           18%        N/A       16%         2
 Lesser Beckoning         Tloc           18%        N/A       16%         2
 Magic Dart               Conj           4%         1d3       30%         1
 Teleport Other           Tloc           9%         N/A       30%         3
 Call Imp                 Summ           1%         N/A       41%         2
 Vhi's Electric Charge    Tloc/Air       10%        N/A       45%         3
 Mephitic Cloud           Conj/Pois/Air  1%         N/A       65%         3
 Tukima's Dance           Hex            1%         N/A       65%         3
 Manifold Assault         Tloc           9%         N/A       69%         4
 Passage of Golubria      Tloc           9%         N/A       69%         4
 Yara's Violent Unravell  Hex/Tmut       0%         3d3       100%        5


Dungeon Overview and Level Annotations

Branches:
Dungeon (2/15)

Altars:


Innate Abilities, Weirdness & Mutations

Your natural rate of healing is accelerated.
You have razor-sharp teeth.
You have supernaturally acute eyesight. (SInv)
You are afflicted with vampirism and can become a bat while bloodless.
[You are extremely frail. (-30% HP)]


Message History

m - a fuming grey potion A worm comes into view.
Found 2 scrolls labelled QIUHUTR GAQU.
The worm closely misses you.
You hit the worm.
The worm is lightly wounded.
The worm bites you.
You completely miss the worm. You slash the worm! Your bite misses the worm.
The worm is heavily wounded.
The worm bites you.
You are too injured to fight recklessly!
You are too injured to fight recklessly!
You are too injured to fight recklessly!
You are too injured to fight recklessly!
You are too injured to fight recklessly!
You are too injured to fight recklessly!
You are too injured to fight recklessly!
You are too injured to fight recklessly!
You are too injured to fight recklessly!
You are too injured to fight recklessly!
You are too injured to fight recklessly!
You are too injured to fight recklessly!
You hit the worm but do no damage. You punch the worm, but do no damage.
The worm is moderately wounded.
The worm completely misses you.
You hit the worm.
The worm is moderately wounded.
You hit the worm.
The worm is heavily wounded.
The worm bites you!
Ouch! That really hurt!
* * * LOW HITPOINT WARNING * * *
You barely miss the worm.
The worm is heavily wounded.
The worm misses you.
You barely miss the worm.
The worm is heavily wounded.
The worm bites you.
You die...

##...##. ....##+#
....... ...#.## #.....
....# ##....### ##.##
........#### ##...#
#.#.#....###..#..
########.#..###.........
...?..........#####.##..
......w@....#.# #.##..
..........##..# #.....
.........#.#..# ..##..
#......##.#..... ##....
.#....# #....... #.#..
#.#..# ......?. ..### .
#.. ....### ## ... ...##
#. #.


You could see a worm.

Vanquished Creatures
  3 dart slugs (D:1)
  2 ball pythons (D:1)
  3 endoplasms
  7 goblins
  3 hobgoblins
  A kobold (D:1)
  A quokka (D:1)
  2 bats (D:1)
  A frilled lizard (D:1)
  3 rats
26 creatures vanquished.

Notes
Turn   | Place    | Note
-------+----------+-------------------------------------------
     0 | D:1      | Leeroy the Vampire Warper began the quest for the Orb.
     0 | D:1      | Reached XP level 1. HP: 16/16 MP: 3/3
   379 | D:1      | Reached XP level 2. HP: 12/15 MP: 5/5
   659 | D:1      | Gained mutation: You are afflicted with vampirism and can
                  | become a bat while bloodless. [Vampire growth]
   659 | D:1      | Reached XP level 3. HP: 15/18 MP: 6/6
   923 | D:2      | Found a faded altar of an unknown god.
  1013 | D:2      | Slain by a worm

Illustrated notes

Levels and vault maps discovered:
D:1:      dpeg_arrival_brainrot, layout_loops_ring
D:2:      layout_rooms, basic_ecumenical_altar, st_stairs_1,
          minmay_misc_feat_secret_circle, minmay_fractal_squares_gapless_5

Skill      XL: |  1 |
---------------+----+-----
Fighting       | 2 |  2.2
Long Blades    | |  2.5
Throwing       | |  0.7
Armour         | |  0.9
Dodging        | |  2.2
Spellcasting   | |  2.2
Translocations | |  2.6

Action                     || total
---------------------------++-------
  Melee: Falchion          ||    77
         Bite              ||     8
         Punch             ||     1
Ability: Exsanguinate      ||     7
         Revivify          ||     7
 Armour: Leather armour    ||    21
  Dodge: Dodged            ||    51

Table legend: (Time is in decaauts)
 A = Elapsed time spent in this place.
 B = Non-inter-level travel time spent in this place.
 C = Inter-level travel time spent in this place.
 D = Time resting spent in this place.
 E = Time spent auto-exploring this place.
 F = Levels seen in this place.
 G = Mean time per level.
                   A        B        C        D        E       F      G
               +--------+--------+--------+--------+--------+-----+--------+
         Total |   1026 |    986 |     40 |      0 |    721 |   2 |  513.0 |
       Dungeon |   1026 |    986 |     40 |      0 |    721 |   2 |  513.0 |
               +--------+--------+--------+--------+--------+-----+--------+

Top non-repeatable levels by time:
     D:1: 925 daAuts
     D:2: 100 daAuts
